 Dungeon Crawl Stone Soup version 0.18.1-6-gd335043 (webtiles) character file.

3683 Hipnos the Firebug (level 9, 0/62 HPs)
             Began as a Demonspawn Fire Elementalist on May 17, 2016.
             Was a Priest of Kikubaaqudgha.
             Slain by Erolcha
             ... wielding a +4 giant spiked club
              (28 damage)
             ... on level 9 of the Dungeon.
             The game lasted 00:23:57 (6602 turns).

Hipnos the Firebug (Demonspawn Fire Elementalist)   Turns: 6602, Time: 00:23:58

Health: 0/62       AC: 18    Str:  8    XL:     9   Next: 90%
Magic:  18/19      EV: 12    Int: 15    God:    Kikubaaqudgha [***...]
Gold:   616        SH:  2    Dex: 15    Spells: 4 memorised, 12 levels left

rFire  + + .     SeeInvis .     S - +0 whip (flame)
rCold  . . .     Gourm    .     D - +8 ring mail "Joejupho" {Stlth+}
rNeg   . . .     Faith    .     (no shield)
rPois  .         Spirit   .     (helmet restricted)
rElec  .         Dismiss  .     f - +0 cloak
rCorr  .         Reflect  .     O - +0 pair of gloves
SustAt .         Harm     .     s - +0 pair of boots
MR     .....     Clarity  +     (no amulet)
Stlth  ++........               L - ring of protection from fire
                                y - ring of wizardry

@: lethally poisoned (0 -> -3), marked, slowed, very slow, not resistant to
hostile enchantments, unstealthy
A: antennae 2, claws 2, talons 1, large bone plates 1, blink, clarity, dopey 2,
fire resistance 1, spiny 3, evolution 1
a: Blink, Receive Corpses, Renounce Religion


You were on level 9 of the Dungeon.
You worshipped Kikubaaqudgha.
Kikubaaqudgha was most pleased with you.
You were near starving.

You visited 1 branch of the dungeon, and saw 9 of its levels.

You collected 616 gold pieces.

Inventory:

Hand Weapons
 S - a +0 whip of flaming (weapon)
Armour
 a - a +0 robe
 f - a +0 cloak (worn)
 s - a +0 pair of boots (worn)
 u - a +2 robe of magic resistance
 D - the +8 ring mail "Joejupho" (worn) {Stlth+}
   (You found it on level 4 of the Dungeon)

   It makes you more stealthy.
 O - a +0 pair of gloves (worn)
 T - a +1 robe of magic resistance
Jewellery
 y - a ring of wizardry (left hand)
 E - an uncursed ring of protection from cold
 L - a ring of protection from fire (right hand)
Wands
 z - a wand of slowing (8/48)
 B - a wand of iceblast (4/15)
 Q - a wand of iceblast (7/15)
 R - a wand of paralysis (12/24)
Scrolls
 e - 3 scrolls of torment {unknown}
 i - 5 scrolls of random uselessness {unknown}
 j - 4 scrolls of remove curse {unknown}
 n - 7 scrolls of identify {unknown}
 t - a scroll of amnesia {unknown}
 v - 3 scrolls of enchant weapon {unknown}
 w - 2 scrolls of blinking {unknown}
 x - 4 scrolls of fog {unknown}
 A - a scroll of noise {unknown}
 C - a scroll of teleportation {unknown}
 G - 4 scrolls of magic mapping {unknown}
 M - 2 scrolls of silence {unknown}
 U - a scroll of recharging {unknown}
Potions
 h - 2 potions of brilliance {unknown}
 l - a potion of haste {unknown}
 m - 2 potions of heal wounds
 o - 8 potions of curing {unknown}
 p - 4 potions of lignification {unknown}
 r - a potion of agility {unknown}
 H - a potion of magic {unknown}
 J - 2 potions of cancellation {unknown}
 K - 2 potions of flight {unknown}
 P - a potion of degeneration {unknown}
 V - a potion of ambrosia {unknown}
Books
 b - a book of Flames

   Spells                             Type                      Level
   a - Flame Tongue                   Conjuration/Fire             1
   b - Throw Flame                    Conjuration/Fire             2
   c - Conjure Flame                  Conjuration/Fire             3
   d - Inner Flame                    Hexes/Fire                   3
   e - Sticky Flame                   Conjuration/Fire             4
   f - Fireball                       Conjuration/Fire             5
 k - Kikubaaqudgha's Grimoire of Sinister Arts
   (Kikubaaqudgha gifted it to you on level 2 of the Dungeon)

   Spells                             Type                      Level
   a - Animate Skeleton               Necromancy                   1
   b - Corpse Rot                     Necromancy                   2
   c - Sublimation of Blood           Necromancy                   2
   d - Vampiric Draining              Necromancy                   3
   e - Control Undead                 Necromancy                   4
 F - a book of Transfigurations

   Spells                             Type                      Level
   a - Irradiate                      Conjuration/Transmutation    5
   b - Statue Form                    Transmutation/Earth          6
   c - Hydra Form                     Transmutation                6
   d - Dragon Form                    Transmutation                7
 I - Kikubaaqudgha's Incunabulum of Unholy Rites
   (Kikubaaqudgha gifted it to you on level 6 of the Dungeon)

   Spells                             Type                      Level
   a - Bolt of Draining               Conjuration/Necromancy       5
   b - Agony                          Necromancy                   5
   c - Cigotuvi's Embrace             Necromancy                   5
   d - Dispel Undead                  Necromancy                   5
   e - Simulacrum                     Ice/Necromancy               6
 N - a book of the Earth

   Spells                             Type                      Level
   a - Leda's Liquefaction            Hexes/Earth                  4
   b - Bolt of Magma                  Conjuration/Fire/Earth       5
   c - Statue Form                    Transmutation/Earth          6
   d - Iron Shot                      Conjuration/Earth            6
   e - Shatter                        Earth                        9
Comestibles
 c - 5 bread rations
 d - 8 meat rations
 g - a royal jelly
 q - 11 slices of pizza


   Skills:
 + Level 2.8 Fighting
 * Level 4.1 Maces & Flails
 + Level 5.2 Dodging
 - Level 1.7 Stealth
 * Level 7.2 Spellcasting
 + Level 5.2 Conjurations
 * Level 7.3 Fire Magic


You had 12 spell levels left.
You knew the following spells:

 Your Spells              Type           Power        Failure   Level  Hunger
a - Flame Tongue          Conj/Fire      ###..        1%          1    None
b - Throw Flame           Conj/Fire      ###...       2%          2    None
c - Conjure Flame         Conj/Fire      ###.....     4%          3    ##.....
d - Sticky Flame          Conj/Fire      ###.....     12%         4    ####...


Dungeon Overview and Level Annotations

Branches:
Dungeon (9/15)             Temple (0/1) D:7
   Lair: D:8-11         Orc: D:9-12

Altars:
Ashenzari
Dithmenos
Elyvilon
Fedhas
Gozag
Kikubaaqudgha
Makhleb
Qazlal
Ru
Trog
Xom
Yredelemnul

Annotations:
D:9 Erolcha


Innate Abilities, Weirdness & Mutations

You have a pair of antennae on your head.
You are partially covered in large bone plates (AC +2, SH +2).
You are completely covered in sharp spines.
You have very sharp fingernails.
You have sharp toenails.
You can translocate small distances at will.
You possess an exceptional clarity of mind.
You are very dopey. (Int -4)
Your flesh is heat resistant.
You evolve.


Message History

The worker ant zombie closely misses you.
The worker ant zombie is struck by your spines.
You destroy the worker ant zombie!
You hear some strange, mumbled words.
A bolt of poison appears from out of thin air!
The bolt of poison hits you!
You are poisoned.
You hit something. You burn something.
You feel sick. Something hits you but does no damage.
You hit something. You burn something.
You feel sick.
You hear some strange, mumbled words.
You feel as though you will be slow longer.
You hit something. You burn something.
You feel sick. Something hits you!!
An orc comes into view. It is wielding a flail.
You feel sick. Something hits you. The orc hits you but does no damage.
Found 15 gold pieces.
An orc wizard comes into view. It is wielding a dagger.
You barely miss the orc. Something hits you!!
You die...
Kikubaaqudgha rasps: "You have failed me!
Welcome... death!"

#.#....#####
#.######...........
...................
#.########.#####...
#.#.....##.# #.##
#.#.....##.# #...
$#####.#.....##.#######.
.....o.{..........>.....
#o@/.......#######
{###.....#### { #######
# ### .F #.. ##. ### #..


You could see an orc wizard and an orc.

Vanquished Creatures
  Pikel (D:7)
  Sigmund (D:4)
  4 yaks (D:7)
  A human (D:8)
  A hungry ghost (D:9)
  A hippogriff (D:8)
  A water moccasin (D:7)
  2 sky beasts
  2 slaves (D:7)
  An orc warrior (D:6)
  3 phantoms
  A wasp (D:7)
  An ice beast (D:4)
  An ogre (D:9)
  2 centaurs
  A big kobold (D:7)
  A scorpion (D:6)
  A howler monkey (D:8)
  2 crimson imps
  A jelly (D:7)
  A giant frog zombie (D:8)
  A giant frog skeleton (D:6)
  5 orc wizards
  5 orc priests
  A hound (D:5)
  4 worker ants
  A hound zombie (D:6)
  2 hound skeletons
  3 worker ant zombies
  3 gnolls (D:8)
  6 adders
  A shadow imp (D:8)
  2 adder zombies
  A worm (D:4)
  A dart slug (D:1)
  7 giant geckos
  17 orcs
  2 ball pythons
  2 bats (D:3)
  3 giant cockroaches
  8 goblins
  8 hobgoblins
  12 jackals
  3 quokkas
  6 giant newts
  8 kobolds
  5 rats
147 creatures vanquished.

Notes
Turn   | Place    | Note
--------------------------------------------------------------
     0 | D:1      | Hipnos the Demonspawn Fire Elementalist began the quest for the Orb.
     0 | D:1      | Reached XP level 1. HP: 13/13 MP: 3/3
   267 | D:1      | Gained mutation: You have a pair of small antennae on your head. [demonic ancestry]
   267 | D:1      | Reached XP level 2. HP: 19/19 MP: 1/5
   683 | D:2      | Found a faded altar to an unknown god.
   703 | D:2      | Became a worshipper of Kikubaaqudgha
   703 | D:2      | Reached * piety under Kikubaaqudgha
   703 | D:2      | Received a gift from Kikubaaqudgha
   703 | D:2      | Identified Kikubaaqudgha's Grimoire of Sinister Arts (Kikubaaqudgha gifted it to you on level 2 of the Dungeon)
   793 | D:2      | Found an ancient bone altar of Kikubaaqudgha.
   824 | D:2      | Gained mutation: You are partially covered in large bone plates (AC +2, SH +2). [demonic ancestry]
   824 | D:2      | Reached XP level 3. HP: 14/24 MP: 3/6
  1483 | D:2      | Learned a level 2 spell: Throw Flame
  1840 | D:3      | Reached ** piety under Kikubaaqudgha
  1895 | D:3      | Gained mutation: You are partially covered in sharp spines. [demonic ancestry]
  1895 | D:3      | Reached XP level 4. HP: 25/31 MP: 0/7
  2102 | D:3      | Found a sacrificial altar of Ru.
  2202 | D:3      | Found a bloodstained altar of Trog.
  2236 | D:4      | Noticed an ice beast
  2246 | D:4      | Killed an ice beast
  2246 | D:4      | Reached skill level 1 in Fighting
  2246 | D:4      | Gained mutation: You have a pair of antennae on your head. [demonic ancestry]
  2246 | D:4      | Reached XP level 5. HP: 18/37 MP: 2/9
  2438 | D:4      | Noticed Sigmund
  2448 | D:4      | Killed Sigmund
  2448 | D:4      | Reached skill level 1 in Maces & Flails
  2448 | D:4      | Gained mutation: You are mostly covered in sharp spines. [demonic ancestry]
  2448 | D:4      | Reached XP level 6. HP: 36/44 MP: 4/11
  2647 | D:4      | Got a faintly humming ring mail
  2658 | D:4      | Identified the +8 ring mail "Joejupho" {Stlth+} (You found it on level 4 of the Dungeon)
  2689 | D:4      | Found an opulent altar of Gozag.
  3169 | D:4      | Reached XP level 7. HP: 49/49 MP: 6/13
  3512 | D:4      | Learned a level 3 spell: Conjure Flame
  3517 | D:4      | Learned a level 4 spell: Sticky Flame
  3691 | D:5      | Entered Level 5 of the Dungeon
  3723 | D:5      | Reached skill level 5 in Fire Magic
  3842 | D:5      | Found a burning altar of Makhleb.
  4063 | D:5      | Found a shimmering altar of Xom.
  4154 | D:6      | Found a shadowy altar of Dithmenos.
  4226 | D:6      | Reached skill level 5 in Spellcasting
  4266 | D:6      | Gained mutation: You are completely covered in sharp spines. [demonic ancestry]
  4266 | D:6      | Reached XP level 8. HP: 52/56 MP: 12/15
  4304 | D:6      | Reached *** piety under Kikubaaqudgha
  4304 | D:6      | Received a gift from Kikubaaqudgha
  4305 | D:6      | Identified Kikubaaqudgha's Incunabulum of Unholy Rites (Kikubaaqudgha gifted it to you on level 6 of the Dungeon)
  4323 | D:6      | Found a shattered altar of Ashenzari.
  4418 | D:6      | Found a blossoming altar of Fedhas.
  4967 | D:7      | Found a staircase to the Ecumenical Temple.
  5289 | D:7      | Found a basalt altar of Yredelemnul.
  5365 | D:7      | Noticed Pikel
  5373 | D:7      | Killed Pikel
  5373 | D:7      | Reached XP level 9. HP: 57/61 MP: 11/18
  5652 | D:8      | Gained mutation: Your flesh is heat resistant. [mutagenic meat]
  5653 | D:8      | Gained mutation: You are dopey. (Int -2) [mutagenic meat]
  5654 | D:8      | Gained mutation: You possess an exceptional clarity of mind. [mutagenic meat]
  5655 | D:8      | Gained mutation: You can translocate small distances at will. [mutagenic meat]
  5656 | D:8      | Gained mutation: You have sharp toenails. [mutagenic meat]
  5657 | D:8      | Gained mutation: You evolve. [mutagenic meat]
  5781 | D:8      | Found a white marble altar of Elyvilon.
  5884 | D:8      | Reached skill level 5 in Conjurations
  5957 | D:8      | Found a stormy altar of Qazlal.
  6184 | D:8      | Gained mutation: You have sharp fingernails. [evolution]
  6486 | D:9      | Reached skill level 5 in Dodging
  6492 | D:9      | Gained mutation: Scrolls take you a little longer to read. [mutagenic meat]
  6493 | D:9      | Gained mutation: You have very sharp fingernails. [mutagenic meat]
  6496 | D:9      | Lost mutation: Scrolls take you a little longer to read. [mutagenic meat]
  6497 | D:9      | Gained mutation: You are very dopey. (Int -4) [mutagenic meat]
  6587 | D:9      | Noticed Erolcha
  6602 | D:9      | Slain by Erolcha

Skill      XL: |  1  2  3  4  5  6  7  8  9 |
---------------+----------------------------+-----
Fire Magic     | 3 4 5 6 7 |  7.3
Dodging        | 2 3 5 |  5.2
Fighting       | 1 2 |  2.8
Maces & Flails | 1 3 4 |  4.1
Spellcasting   | 3 4 5 6 7 |  7.2
Conjurations   | 2 3 4 5 |  5.2
Stealth        | |  1.7

Action                   |  1- 3 |  4- 6 |  7- 9 || total
-------------------------+-------+-------+-------++-------
Melee: Whip              |    92 |    10 |   170 ||   272
 Cast: Flame Tongue      |    45 |    50 |    58 ||   153
       Throw Flame       |       |       |     6 ||     6
  Use: Potion            |       |       |     1 ||     1
 Stab: Sleeping          |     3 |     2 |     2 ||     7
  Eat: Chunk             |     4 |     4 |    22 ||    30
Armor: Robe              |    37 |     7 |       ||    44
       Ring mail         |       |     3 |    92 ||    95
Dodge: Dodged            |    63 |    12 |    99 ||   174
Block: Other             |     4 |     1 |    11 ||    16
